 Dungeon Crawl Stone Soup version 0.31-a0-1405-g2bb1a01664 (webtiles) character file.

Game seed: 17504467608850710237

18 BigPumpCobain the Changeling (level 2, 0/22 HPs)
             Began as a Merfolk Shapeshifter on Dec 25, 2023.
             Succumbed to a kobold's poison
             ... on level 1 of the Dungeon.
             The game lasted 00:00:26 (268 turns).

BigPumpCobain the Changeling (Merfolk Shapeshifter)  Turns: 268, Time: 00:00:27

Health: 0/22       AC:  2    Str: 14    XL:     2   Next: 70%
Magic:  2/2        EV: 12    Int:  9    God:
Gold:   28         SH:  0    Dex: 13    Spells: 1/1 levels left

rFire   . .          .
                       - Unarmed
rCold   . . .        (no shield)
rNeg    . . .        a - +0 animal skin
rPois   .            (helmet currently unavailable)
rElec   .            (cloak currently unavailable)
rCorr   .            (gloves currently unavailable)
SInv    .            (boots currently unavailable)
Will    .....        (no amulet)
Stlth   +            (no ring)
HPRegen 0.23/turn    (no ring)
MPRegen 0.08/turn

%: no passive effects
@: lethally poisoned (0 -> -11), beast-form
A: beast (slay +2), (nimble swimmer 2), mertail
a: Begin Untransformation


You were on level 1 of the Dungeon.
You were a hulking beast.
You visited 1 branch of the dungeon, and saw 1 of its levels.

You collected 28 gold pieces.

Inventory:

Armour
 a - a +0 animal skin (worn)
Jewellery
 h - a ring of willpower
Talismans
 c - a beast talisman
 d - a flux talisman
Scrolls
 e - a scroll of blinking {unknown}
 f - a scroll of teleportation {unknown}
Potions
 b - a potion of lignification
 g - 2 potions of mutation {unknown}


   Skills:
 + Level 1.8 Fighting
 - Level 2.6 Dodging
 + Level 3.6 Unarmed Combat
 + Level 4.4 Shapeshifting


You had one spell level left.
You didn't know any spells.
Your spell library was empty.

Dungeon Overview and Level Annotations

Branches:
Dungeon (1/15)

Altars:


Innate Abilities, Weirdness & Mutations

You are a hulking beast.
Your limbs bulge with bestial killing power. (Slay +2)
((You are very nimble when in or above water. (Stealth+, EV+, Speed+++)))
Your lower body shifts to a powerful aquatic tail in water.


Message History

You are poisoned.
The ball python hisses angrily. x2
You hit the kobold.
The kobold is moderately wounded.
You feel sick. The rat closely misses you.
The kobold hits you with a +2 whip of venom.
You are lethally poisoned!
You are too injured to fight recklessly!
You are too injured to fight recklessly!
You are too injured to fight recklessly!
You are too injured to fight recklessly!
You are too injured to fight recklessly!
You are too injured to fight recklessly!
You are too injured to fight recklessly!
You are too injured to fight recklessly!
You are too injured to fight recklessly!
You are too injured to fight recklessly!
You are too injured to fight recklessly!
You are too injured to fight recklessly!
You are too injured to fight recklessly!
You are too injured to fight recklessly!
You are too injured to fight recklessly!
You are too injured to fight recklessly!
You are too injured to fight recklessly!
You are too injured to fight recklessly!
You are too injured to fight recklessly!
You are too injured to fight recklessly!
You are too injured to fight recklessly!
You are too injured to fight recklessly!
You are too injured to fight recklessly!
You feel very sick. The ball python bites you.
* * * LOW HITPOINT WARNING * * *
The ball python grabs you. The ball python constricts you.
* * * LOW HITPOINT WARNING * * *
You escape the ball python's grasp.
* * * LOW HITPOINT WARNING * * *
You feel very sick.
There is a lethal amount of poison in your body!
You die...

#......# #......#
## #......# ...
+......#
....##.....
.......K.###
#...SrK#≈#
#..#..#.##≈## ##
#h.#≈≈###
###~≈≈..#####
#~≈≈......#
##.~~..###.######
##..~~.~.##.......
+.~~~~~.~########.
#....~~.~~.........
###~..~~..#.######.
#..~~~†~#...## #.


You could see a ball python, 2 kobolds and a rat.

Vanquished Creatures
  A dart slug (D:1)
  2 endoplasms (D:1)
  3 goblins (D:1)
  A kobold (D:1)
  2 quokkas (D:1)
  A ball python (D:1)
  2 bats (D:1)
  3 frilled lizards (D:1)
  A rat (D:1)
16 creatures vanquished.

Notes
Turn   | Place    | Note
-------+----------+-------------------------------------------
     0 | D:1      | BigPumpCobain the Merfolk Shapeshifter began the quest for
                  | the Orb.
     0 | D:1      | Reached XP level 1. HP: 15/15 MP: 1/1
    86 | D:1      | Reached XP level 2. HP: 17/21 MP: 2/2
   268 | D:1      | Succumbed to a kobold's poison

Illustrated notes

Levels and vault maps discovered:
D:1:      dpeg_arrival_ternary, layout_basic, serial_rivers,
          chequers_serial_rivers_micro_d, chequers_serial_rivers_small_3,
          chequers_serial_rivers_room_a, chequers_serial_rivers_micro_d,
          chequers_serial_rivers_large_a, shapermc_ecumenical_altar_notcrosses,
          minmay_cupped

Action                     || total
---------------------------++-------
  Melee: Unarmed           ||    31
         Punch             ||     1
   Stab: Sleeping          ||     2
 Armour: Animal skin       ||    15
  Dodge: Dodged            ||    26

Table legend: (Time is in decaauts)
 A = Elapsed time spent in this place.
 B = Non-inter-level travel time spent in this place.
 C = Inter-level travel time spent in this place.
 D = Time resting spent in this place.
 E = Time spent auto-exploring this place.
 F = Levels seen in this place.
 G = Mean time per level.
                   A        B        C        D        E       F      G
               +--------+--------+--------+--------+--------+-----+--------+
         Total |    261 |    261 |      0 |      0 |    188 |   1 |  261.0 |
       Dungeon |    261 |    261 |      0 |      0 |    188 |   1 |  261.0 |
               +--------+--------+--------+--------+--------+-----+--------+

Top non-repeatable levels by time:
     D:1: 261 daAuts
